 Dungeon Crawl Stone Soup version 0.29.1-2-gbd0b4ee654 (webtiles) character file.

Game seed: 1089363375795537439

61 Ihaveafatcat the Chopper (level 4, -3/40 HPs)
             Began as a Hill Orc Fighter on Nov 18, 2022.
             Slain by Grinder (4 damage)
             ... on level 3 of the Dungeon.
             The game lasted 00:03:27 (1840 turns).

Ihaveafatcat the Chopper (Hill Orc Fighter)         Turns: 1840, Time: 00:03:27

Health: -3/40      AC:  9    Str: 20    XL:     4   Next: 7%
Magic:  4/4        EV:  9    Int:  8    God:
Gold:   48         SH:  4    Dex: 10    Spells: 3/3 levels left

rFire   . . .      SeeInvis .   a - +0 war axe
rCold   . . .      Faith    .   c - +0 buckler
rNeg    . . .      Spirit   .   b - +2 scale mail
rPois   .          Reflect  .   (no helmet)
rElec   .          Harm     .   (no cloak)
rCorr   .          Rampage  .   (no gloves)
Will    .....                   (no boots)
Stlth   ..........              (no amulet)
HPRegen 0.13/turn               (no ring)
MPRegen 0.09/turn               (no ring)

@: mighty
A: no striking features
a: no special abilities


You were on level 3 of the Dungeon.
You visited 1 branch of the dungeon, and saw 3 of its levels.

You collected 104 gold pieces.
You spent 56 gold pieces at shops.

Inventory:

Hand Weapons
 a - a +0 war axe (weapon)
Armour
 b - a +2 scale mail (worn)
 c - a +0 buckler (worn)
Jewellery
 n - a +4 ring of protection
 p - a +4 ring of protection
Scrolls
 e - 2 scrolls of butterflies
 i - a scroll of identify
 k - a scroll of noise
 l - a scroll of poison {unknown}
Potions
 f - 2 potions of haste {unknown}
 g - a potion of mutation
 h - a potion of invisibility
 m - a potion of resistance {unknown}
 o - a potion of ambrosia {unknown}


   Skills:
 + Level 3.9 Fighting
 + Level 4.0 Axes
 + Level 4.0 Armour
 + Level 0.6 Dodging
 + Level 3.6 Shields


You had 3 spell levels left.
You didn't know any spells.
Your spell library was empty.

Dungeon Overview and Level Annotations

Branches:
Dungeon (3/15)

Altars:

Shops:
D:2 *

Annotations:
D:3 Grinder


Message History

There are monsters nearby!
You are too injured to fight recklessly!
You are too injured to fight recklessly!
There are monsters nearby!
You are too injured to fight recklessly!
You escape the roots grasp.
Grinder blinks!
You barely miss the frilled lizard. The frilled lizard closely misses you.
You hit the frilled lizard.
You kill the frilled lizard!
Your Armour skill increases to level 4!
You see here a +4 ring of protection.
You see here a +4 ring of protection.
p - a +4 ring of protection You feel better.
Grinder hits you.
You writhe in agony.
You hit Grinder.
Grinder is lightly wounded.
Grinder barely misses you.
You closely miss Grinder.
Grinder is lightly wounded.
Grinder barely misses you. Grinder gestures at you.
Pain shoots through your body!
You are too injured to fight recklessly!
You are too injured to fight recklessly!
You are too injured to fight recklessly!
Grinder attacks as you move away! Grinder hits you.
* * * LOW HITPOINT WARNING * * *
You closely miss Grinder.
Grinder is lightly wounded.
Grinder says, "At least Makhleb appreciates what I'm doing."
Grinder hits you.
* * * LOW HITPOINT WARNING * * *
You writhe in agony.
* * * LOW HITPOINT WARNING * * *
You feel very mighty all of a sudden. Grinder hits you.
* * * LOW HITPOINT WARNING * * *
You writhe in agony.
You die...

### ...# ##
###...# .###..
..# #.##.#..#
#@##.#..#
#5......#
.......###†##.#
###...# #.# #
#...####.##.#
#...........#
#.#.####.####
.. ...# #.
#####


You could see Grinder.

Vanquished Creatures
  An adder (D:3)
  A worm (D:2)
  A dart slug (D:1)
  2 endoplasms
  A giant cockroach (D:2)
  5 hobgoblins
  2 jackals (D:1)
  5 quokkas
  3 ball pythons
  5 bats
  4 frilled lizards
  2 goblins (D:1)
  7 kobolds
  5 rats
44 creatures vanquished.

Notes
Turn   | Place    | Note
-------+----------+-------------------------------------------
     0 | D:1      | Ihaveafatcat the Hill Orc Fighter began the quest for the
                  | Orb.
     0 | D:1      | Reached XP level 1. HP: 19/19 MP: 1/1
   257 | D:1      | Reached XP level 2. HP: 23/27 MP: 2/2
   554 | D:1      | Reached XP level 3. HP: 32/33 MP: 3/3
   880 | D:2      | Found Guydgh's General Store.
   969 | D:2      | Bought a scroll of identify for 28 gold pieces
   969 | D:2      | Bought a scroll of identify for 28 gold pieces
  1817 | D:3      | Reached XP level 4. HP: 40/40 MP: 4/4
  1819 | D:3      | Noticed Grinder
  1840 | D:3      | HP: 1/40 [Grinder (3)]
  1840 | D:3      | Slain by Grinder

Illustrated notes

Levels and vault maps discovered:
D:1:      saegor_arrival_simple_e, layout_loops_ring, minmay_tetromino_t4
D:2:      layout_rooms, serial_co_window_serial, co_window_paths_a,
          co_window_of_opportunity_a, co_window_cross_1, co_window_cross_1,
          co_window_paths_b, co_window_cross_4, co_window_cross_2,
          co_window_paths_c, glass_columns_c, serial_shops, nicolae_shop_stone
D:3:      layout_loops_ring, mainiacjoe_overflow_tiny_flanked,
          minmay_tree_intersection, uniq_grinder

Skill      XL: |  1  2  3  4 |
---------------+-------------+-----
Axes           | 3 4 |  4.0
Armour         | 4 |  4.0
Fighting       | |  3.9
Dodging        | |  0.6
Shields        | |  3.6

Action                   |  1- 3 |  4- 6 || total
-------------------------+-------+-------++-------
Melee: War axe           |   131 |     6 ||   137
  Use: Scroll            |     9 |       ||     9
       Potion            |       |     2 ||     2
Armor: Scale mail        |    56 |     1 ||    57
Dodge: Dodged            |    65 |     3 ||    68
Block: Buckler           |    27 |       ||    27
